AoeStats
← CNZS_98T

Arabian Desert

510076615Analyzed
1v1 RM · 3d ago on Sep 29, 2026· 23m 48s· 2 players
Game mode
Random Map
Map size
Tiny (2 player)
Population
200
Speed
Normal
Resources
Standard
Victory
Conquest
Starting age
Dark Age
Ending age
Imperial Age
RankedLock teamsTeams togetherTeam positionsShared explorationLock speedFull tech treeHidden civsTurbo modeCheats
Victory
Defeat
🇳🇱 Poles · Netherlands
2664
+2
🇲🇽 Georgians · Mexico
2182
-2
CNZS_98T
5:52 Loom
6:52 Loom
9:07 Feudal Age
11:03 Double-Bit Axe
12:08 Horse Collar
16:42 Bloodlines
18:29 Scale Barding Armor
18:42 Forging
19:00 Scale Barding Armor
22:31 Castle Age
23:16 Wheelbarrow
22:33 Light Cavalry
23:14 Husbandry
23:36 Bow Saw
23:27 Heavy Plow
24:09 Chain Barding Armor
iamkaito
8:29 Feudal Age
8:00 Loom
9:15 Double-Bit Axe
11:37 Horse Collar
18:13 Fletching
22:41 Castle Age
Connection lost

Rejoining the realm…

Still unreachable

The connection could not be restored.

Session expired

The server has moved on; the page needs a fresh start.